 Dungeon Crawl Stone Soup version 0.16.0-17-g811c1d7 (webtiles) character file.

77 Econoterrorist the Slasher (level 4, -9/35 HPs)
             Began as a Formicid Abyssal Knight on Mar 20, 2015.
             Was a Priest of Lugonu.
             Killed by divine providence
             ... invoked by an orc priest
              (12 damage)
             ... on level 3 of the Dungeon.
             The game lasted 00:05:01 (1674 turns).

Econoterrorist the Slasher (FoAK)                   Turns: 1674, Time: 00:05:01

Health: -9/35      AC:  7    Str: 19    XL:     4   Next: 60%
Magic:  6/6        EV: 10    Int: 14    God:    Lugonu [***...]
Gold:   104        SH:  0    Dex: 10    Spells: 0 memorised, 3 levels left

rFire  . . .     SeeInvis +     a - +1 falchion
rCold  . . .     Clarity  .     g - +2 ring mail {MR+}
rNeg   . . .     SustAb   .     (no shield)
rPois  .         Gourm    .     (helmet unavailable)
rElec  .         Spirit   .     (no cloak)
rCorr  .         Warding  .     (no gloves)
rMut   .         Stasis   +     (no boots)
MR     +....                    (no amulet)
Stlth  ..........               o - +2 ring of strength
                                e - +2 ring of intelligence

@: somewhat resistant to hostile enchantments, extremely unstealthy
A: permanent stasis, dig shafts and tunnels, four strong arms, antennae 3
a: Dig, Shaft Self, Depart the Abyss, Bend Space, Banish, Renounce Religion


You were on level 3 of the Dungeon.
You worshipped Lugonu.
Lugonu was most pleased with you.
You were not hungry.

You visited 1 branch of the dungeon, and saw 3 of its levels.
You visited the Abyss 1 time.

You collected 104 gold pieces.

Inventory:

Hand weapons
 a - a +1 falchion (weapon)
Armour
 g - a +2 ring mail of magic resistance (worn)
Jewellery
 e - a +2 ring of intelligence (left hand)
 o - a +2 ring of strength (right hand)
Scrolls
 d - a scroll of recharging {unknown}
 i - a scroll of teleportation {unknown}
 l - 2 scrolls of identify {unknown}
 n - a scroll of fog {unknown}
Potions
 b - 2 potions of curing {unknown}
 f - a potion of ambrosia {unknown}
 k - a potion of cancellation {unknown}
 m - a potion of heal wounds {unknown}
Comestibles
 c - 2 bread rations
 h - a meat ration
 j - 2 fruits


   Skills:
 - Level 3.2 Fighting
 + Level 4.4 Long Blades
 - Level 2.1 Armour
 - Level 0.8 Dodging
 - Level 2.1 Invocations


You had 3 spell levels left.
You didn't know any spells.

Dungeon Overview and Level Annotations

Branches:
Dungeon (3/15)

Altars:
Dithmenos
Ru
The Shining One


Innate Abilities, Weirdness & Mutations

You are under a permanent stasis effect.
You can dig through walls and to a lower floor.
Your four strong arms can wield two-handed weapons with a shield.
You have a pair of large antennae on your head (SInv).


Message History

You see here a stone.
You feel sick.
You are no longer poisoned.
Found 2 stones.
You hit the orc!
You kill the orc!
Lugonu accepts your kill. The kobold barely misses you.
Things that are here:
a club; a leather armour; 12 gold pieces You barely miss the kobold.
You see here a goblin corpse.
The orc priest invokes the aid of Beogh against you.
Something smites you!
* * * LOW HITPOINT WARNING * * *
The orc priest's eyes start to glow.
The adder barely misses you.
The orc priest mumbles some strange prayers to Beogh against you.
Something smites you!
You die...

......#.o{g..# #..
##....####.### #..
###{{#### #....# #..
#...{# ####o# .. ....##
#.o##.# # ..#..#### #..#.#
.# ##
..##.†..#########...# #.#
.# .
##...o..........#####.##.#
####K...o..S@.....<#.#..#
{ #......K.#......#....##
#....#######.#...#....#
#....#.....#..........#
#....#....)#.#........#
#..).'..#..'.#####....##
#....#.....### ##....###
#....#.....# ##.....#
#....####### ##....[.


You could see an orc priest, an adder, an orc and 2 kobolds.

Vanquished Creatures
  3 adders
  A worm (D:2)
  An orc (D:3)
  2 giant cockroaches
  5 goblins
  6 hobgoblins
  8 jackals
  3 kobolds
  2 quokkas (D:2)
  A ball python (D:1)
  5 bats
  A giant gecko (D:3)
  6 giant newts
  4 rats
48 creatures vanquished.

Notes
Turn   | Place    | Note
--------------------------------------------------------------
     0 | Abyss:1  | Econoterrorist, the Formicid Abyssal Knight, began the quest for the Orb.
     0 | Abyss:1  | Reached XP level 1. HP: 18/18 MP: 1/1
    24 | D:1      | Escaped the Abyss
   321 | D:1      | Reached XP level 2. HP: 24/24 MP: 3/3
   580 | D:1      | Acquired Lugonu's second power
   969 | D:2      | Reached XP level 3. HP: 29/29 MP: 5/5
   981 | D:2      | Found a glowing golden altar of the Shining One.
  1112 | D:2      | Found a shadowy altar of Dithmenos.
  1266 | D:2      | Reached skill level 4 in Long Blades
  1266 | D:2      | Reached XP level 4. HP: 32/35 MP: 6/6
  1296 | D:2      | Acquired Lugonu's third power
  1297 | D:2      | Found a sacrificial altar of Ru.
  1674 | D:3      | Killed from afar by an orc priest

Action                   |  1- 3 |  4- 6 || total
-------------------------+-------+-------++-------
Melee: Falchion          |    85 |    40 ||   125
Invok: Bend Space        |       |     1 ||     1
  Eat: Chunk             |     1 |       ||     1
       Beef jerky        |       |     1 ||     1
